 Dungeon Crawl Stone Soup version 0.30.1-11-g7821555f0a (webtiles) character file.

Game seed: 902408829713979862

133 Eitelfritz the Chopper (level 5, -9/47 HPs)
             Began as a Hill Orc Fighter on Dec 28, 2023.
             Killed from afar by Grinder (24 damage)
             ... with a bolt of light
             ... on level 3 of the Dungeon.
             The game lasted 00:04:23 (1721 turns).

Eitelfritz the Chopper (Hill Orc Fighter)           Turns: 1721, Time: 00:04:24

Health: -9/47      AC: 15    Str: 21    XL:     5   Next: 16%
Magic:  0/5        EV:  7    Int:  8    God:
Gold:   119        SH:  4    Dex: 10    Spells: 4/4 levels left

rFire   . . .        a - +2 broad axe (freeze)
rCold   . . .        y - +0 buckler
rNeg    . . .        g - +0 shadow dragon scales
rPois   .            s - +0 helmet
rElec   .            t - +0 cloak
rCorr   +            (no gloves)
SInv    .            (no boots)
Will    .....        f - amulet of guardian spirit
Stlth   ++           h - ring of resist corrosion
HPRegen 0.27/turn    (no ring)
MPRegen 0.09/turn

%: guardian spirit
@: no status effects
A: no striking features
a: no special abilities


You were on level 3 of the Dungeon.
You visited 1 branch of the dungeon, and saw 3 of its levels.

You collected 119 gold pieces.

Inventory:

Hand Weapons
 a - a +2 broad axe of freezing (weapon)
 b - a +0 sling
 c - a +0 morningstar
 p - a +0 war axe
Armour
 g - +0 shadow dragon scales (worn)
 s - a +0 helmet (worn)
 t - a +0 cloak (worn)
 y - a +0 buckler (worn)
Jewellery
 e - a +6 ring of intelligence
 f - an amulet of guardian spirit (around neck)
 h - a ring of resist corrosion (left hand)
Scrolls
 j - a scroll of brand weapon {unknown}
 l - a scroll of enchant armour {unknown}
 o - a scroll of torment {unknown}
 q - a scroll of enchant weapon {unknown}
 r - a scroll of teleportation {unknown}
 u - a scroll of acquirement {unknown}
 v - a scroll of noise {unknown}
 w - a scroll of fear {unknown}
 z - 4 scrolls of identify {unknown}
Potions
 d - 2 potions of might
 i - a potion of haste {unknown}
 k - a potion of curing {unknown}
 m - a potion of mutation {unknown}
 n - a potion of cancellation {unknown}
 x - a potion of invisibility


   Skills:
 + Level 4.4 Fighting
 + Level 4.8 Axes
 + Level 4.0 Armour
 + Level 0.3 Dodging
 + Level 0.5 Stealth
 + Level 3.7 Shields


You had 4 spell levels left.
You didn't know any spells.
Your spell library contained the following spells:

 Spells                   Type           Power      Damage    Failure   Level
 Frozen Ramparts          Ice            0%         1d1       100%        3
 Ice Form                 Ice/Tmut       0%         N/A       100%        4
 Summon Ice Beast         Ice/Summ       0%         N/A       100%        4


Dungeon Overview and Level Annotations

Branches:
Dungeon (3/15)

Altars:

Shops:
D:1 ?

Annotations:
D:3 Grinder


Message History

You slash the ball python! You freeze the ball python.
You kill the ball python!
Search for what [? for help]? sling
Things that are here:
3 stones; a +0 dagger
There is a stone staircase leading up here.
HP restored.
You climb upwards.
There is a stone staircase leading down here.
You see here a +0 sling.
z - a +0 sling Adjust to which letter? (? for menu, Esc to quit)
b - a +0 sling;
z - 4 scrolls labelled EQUIMN DI OSI
There is a stone staircase leading down here.
You climb downwards.
There is a stone staircase leading up here.
Found a stone staircase leading down.
Grinder comes into view.
She is carrying a wand of light (10).
Grinder shouts!
Grinder drinks a potion.
Grinder flickers and vanishes!
Deactivating autopickup; reactivate with Ctrl-A.
You hear a zap.
A bolt of light appears from out of thin air!
The bolt of light hits you.
You are confused.
You bump into the rock wall.
Pain shoots through your body!
You bump into the rock wall.
You feel less confused.
You miss something. Something hits you.
You closely miss something. Something hits you!
You writhe in agony.
Something hits you.
You writhe in agony.
You slash something! You freeze something. Pain shoots through your body!
You barely miss something. Something hits you.
You writhe in agony.
* * * LOW HITPOINT WARNING * * *
You slash something! Something hits you but does no damage.
You hear a zap.
A bolt of light appears from out of thin air!
The bolt of light hits you!!
Ouch! That really hurt!
You die...

#...# #....<.####
#.....###
#.#.####.........#
#.###...#
#.............##.###.#
###.###
##..#.........##..##.#
#..##
#.....###.#######.##.#
##... #.....# #.#
###..#.######..#
#.....# #.##
#..............#
#.....#
#..####.##...######.##
#.....# #....@{.###..#
#.# #.....#....######
##.# #.# #.......##.#
#.######..
#....#.>##.. .####
#.........
#......#####
.....##.....>....
#....#.#
#............. #####
.# ###.......... .#
##......... ..
#..[..(...


There were no monsters in sight!

Vanquished Creatures
  4 gnolls (D:2)
  3 adders (D:2)
  A worm (D:3)
  A dart slug (D:1)
  An orc (D:3)
  5 ball pythons
  7 endoplasms
  2 giant cockroaches
  4 goblins
  8 hobgoblins
  4 jackals (D:1)
  6 quokkas
  2 bats
  4 frilled lizards
  4 kobolds
  2 rats
58 creatures vanquished.

Notes
Turn   | Place    | Note
-------+----------+-------------------------------------------
     0 | D:1      | Eitelfritz the Hill Orc Fighter began the quest for the
                  | Orb.
     0 | D:1      | Reached XP level 1. HP: 19/19 MP: 1/1
   104 | D:1      | Reached XP level 2. HP: 18/27 MP: 2/2
   269 | D:1      | Reached XP level 3. HP: 33/33 MP: 3/3
   450 | D:1      | Found The Oracle's Delphic Readings.
   697 | D:2      | Reached XP level 4. HP: 40/40 MP: 4/4
  1088 | D:2      | Found a faded altar of an unknown god.
  1218 | D:2      | Reached XP level 5. HP: 45/47 MP: 5/5
  1695 | D:3      | Noticed Grinder
  1721 | D:3      | Killed from afar by Grinder

Illustrated notes

Levels and vault maps discovered:
D:1:      heliophobic_arrival_enchanted_forest, layout_rooms,
          nicolae_nh_oracle_at_delphi
D:2:      wad_woods_settlement, layout_basic, hellmonk_ecumenical_altar_blasted
D:3:      layout_rooms, minmay_quadrilaterals, uniq_grinder

Skill      XL: |  1  2  3  4 |
---------------+-------------+-----
Fighting       | 4 |  4.4
Axes           | 3 4 |  4.8
Armour         | 4 |  4.0
Dodging        | |  0.3
Stealth        | |  0.5
Shields        | |  3.7

Action                     |  1- 3 |  4- 6 || total
---------------------------+-------+-------++-------
  Melee: War axe           |    50 |       ||    50
         Broad axe         |    29 |    59 ||    88
   Stab: Sleeping          |     3 |     2 ||     5
 Armour: Scale mail        |     5 |       ||     5
         Shadow dragon sca |    62 |    39 ||   101
  Dodge: Dodged            |    30 |    18 ||    48
  Block: Buckler           |    23 |    14 ||    37
